Map: Pylon LE

Players

ManlyManMeat

  • Race: Zerg Zerg
  • League: Diamond
  • Spawn Location: 5:00

cTenaH - Winner!

  • Race: Terran Terran
  • League: Diamond
  • Spawn Location: 11:00

VOD

Have the link to the VOD?

Description

Time

  • Played on: June 22, 2025, 10:31 a.m.
  • Length: 13:53
Show
View Real Time Build Order
Export as new Build Order

ManlyManMeat Zerg 

Build Orders: Hatch First 

Get SALT Encoding   

  12  0:00  Drone  
  13  0:08  Drone  
  14  0:15  Drone, Extractor  
  15  0:22  Overlord  
  15  0:41  Drone  
  16  0:50  Hatchery  
  16  0:51  Drone  
  16  0:55  Drone  
  17  0:59  Drone  
  18  1:13  Extractor  
  18  1:17  Spawning Pool  
  16  1:23  Drone  
  17  1:38  Drone x2  
  19  1:41  Drone  
  20  2:03  Queen x2  
  20  2:05  Zergling x4  
  26  2:11  Overlord  
  26  2:25  Drone x2  
  28  2:31  Metabolic Boost  
  28  2:35  Drone x2  
  28  2:36  Drone  
  31  2:50  Hatchery  
  30  3:03  Overlord x2  
  30  3:25  Drone  
  30  3:26  Drone x7  
  38  3:35  Queen  
  38  3:40  Drone x2  
  42  3:53  Overlord x3  
  42  3:58  Extractor  
  42  4:02  Baneling Nest  
  40  4:03  Drone x2  
  42  4:11  Queen  
  42  4:14  Zergling x6  
  42  4:15  Zergling x2  
  48  4:18  Drone x6  
  54  4:32  Lair  
  54  4:38  Drone  
  54  4:39  Drone x5  
  60  4:49  Overlord x3  
  58  5:03  Extractor  
  58  5:04  Drone x3, Extractor  
  58  5:05  Drone x3  
  62  5:15  Drone x4, Extractor  
  62  5:16  Drone, Extractor  
  62  5:17  Drone x3  
  68  5:30  Drone  
  68  5:31  Drone  
  68  5:32  Infestation Pit  
  68  5:34  Drone x3  
  72  5:48  Drone  
  72  5:49  Drone x3  
  75  6:02  Roach Warren  
  74  6:05  Drone x2, Evolution Chamber x2  
  74  6:06  Drone x3  
  74  6:07  Drone, Zergling x8, Hatchery  
  74  6:08  Zergling x12  
  87  6:12  Hatchery  
  86  6:28  Spore Crawler x2  
  86  6:32  Hive, Spore Crawler  
  83  6:33  Zerg Melee Weapons Level 1, Zerg Ground Armor Level 1  
  83  6:38  Zergling x8  
  83  6:39  Zergling x4, Baneling  
  89  6:40  Baneling x11  
  89  6:42  Centrifugal Hooks  
  89  6:45  Overlord x3  
  89  7:07  Infestor x2  
  93  7:24  Baneling x5  
  93  7:25  Drone  
  93  7:27  Drone  
  95  7:53  Drone x3  
  95  7:55  Overlord x4  
  98  8:01  Ultralisk Cavern  
  97  8:13  Overseer  
  97  8:16  Overlord x4  
  97  8:17  Zergling x2  
  97  8:18  Zergling x18  
  97  8:19  Zergling x10  
  112  8:30  Zerg Ground Armor Level 2  
  111  8:42  Spore Crawler  
  111  8:43  Spore Crawler  
  111  8:44  Spore Crawler  
  111  8:46  Spore Crawler x2  
  105  8:52  Ultralisk x5  
  105  8:53  Zergling x8  
  105  8:54  Zergling x20  
  140  9:05  Spore Crawler  
  140  9:06  Spore Crawler  
  140  9:09  Overseer  
  129  9:12  Zergling x2, Ultralisk  
  129  9:13  Zergling x2  
  135  9:21  Drone x2  
  137  9:35  Lair  
  137  9:38  Drone x2  
  63  10:17  Spawning Pool  
  55  10:23  Drone x4  
  55  10:25  Drone x3  
  62  10:30  Spawning Pool  
  54  10:52  Roach x6  
  54  10:53  Roach x14  
  94  11:01  Evolution Chamber  
  94  11:03  Evolution Chamber  
  92  11:04  Spire  
  92  11:07  Roach  
  92  11:08  Roach x3  
  97  11:34  Zerg Missile Weapons Level 1  
  71  11:54  Drone x2  
  71  11:55  Drone  
  71  11:57  Queen  
  71  11:58  Queen  
  64  12:05  Zergling x4  
  64  12:06  Zergling x2  
  64  12:07  Drone  
  64  12:08  Zergling x2  
  61  12:12  Overseer  
  61  12:19  Corruptor x10  
  81  12:27  Spore Crawler x2  
  75  13:24  Zergling x12  
  69  13:43  Hatchery  
  64  13:48  Hatchery  
Show
View Real Time Build Order
Export as new Build Order

cTenaH Terran - Winner!

Build Orders:  

Get SALT Encoding   

  12  0:00  SCV  
  14  0:14  SCV  
  14  0:20  Supply Depot  
  14  0:25  Refinery  
  14  0:27  SCV  
  15  0:41  SCV  
  16  0:46  Barracks  
  16  0:54  SCV  
  17  1:06  SCV  
  18  1:18  SCV  
  19  1:30  SCV  
  20  1:35  Factory  
  20  1:36  Marine  
  21  1:40  Supply Depot  
  21  1:45  SCV  
  22  1:53  Marine  
  23  2:02  SCV  
  24  2:09  Bunker  
  24  2:14  SCV  
  25  2:23  Factory Tech Lab  
  25  2:26  SCV  
  26  2:30  Command Center  
  26  2:44  Siege Tank  
  26  2:49  Engineering Bay  
  29  2:56  Orbital Command  
  29  3:00  Marine  
  29  3:05  Refinery  
  30  3:28  Missile Turret  
  30  3:30  SCV  
  31  3:43  Orbital Command, Siege Tank  
  31  3:47  Refinery  
  34  3:55  Missile Turret  
  34  3:57  SCV  
  35  4:09  SCV  
  36  4:10  Supply Depot  
  36  4:11  Supply Depot  
  36  4:16  Missile Turret  
  36  4:21  SCV  
  36  4:23  SCV  
  38  4:31  Refinery  
  38  4:33  SCV  
  38  4:35  SCV  
  40  4:40  Missile Turret  
  40  4:45  SCV  
  41  4:47  SCV  
  42  4:53  Missile Turret  
  42  4:57  SCV  
  42  4:59  SCV  
  44  5:04  Siege Tank  
  47  5:09  SCV  
  48  5:18  Supply Depot  
  48  5:26  Supply Depot  
  48  5:28  SCV x2  
  50  5:33  Missile Turret  
  50  5:37  Starport  
  50  5:41  Starport  
  50  5:43  Starport  
  50  5:46  SCV  
  50  5:47  SCV  
  52  6:00  Supply Depot, SCV x2  
  54  6:08  Missile Turret  
  54  6:14  Missile Turret  
  54  6:18  Starport Tech Lab x2  
  54  6:20  Starport Tech Lab  
  54  6:22  Hyperflight Rotors  
  54  6:24  Armory  
  54  6:28  SCV  
  54  6:29  SCV, Armory  
  56  6:35  Missile Turret  
  56  6:38  Missile Turret  
  56  6:40  Banshee  
  56  6:41  Banshee x2  
  56  6:42  Cloaking Field  
  56  6:43  Missile Turret  
  56  6:46  SCV x2  
  67  6:52  Supply Depot  
  67  7:02  Supply Depot  
  67  7:14  Terran Vehicle And Ship Armor Level 1  
  67  7:16  Terran Ship Weapons Level 1  
  67  7:23  Banshee x2  
  67  7:24  Banshee  
  76  7:30  Command Center  
  76  7:45  SCV x2  
  76  7:48  Command Center  
  78  7:57  SCV x2  
  80  7:58  Fusion Core  
  80  8:05  Neosteel Armor  
  80  8:09  SCV x2  
  82  8:17  Missile Turret  
  82  8:23  SCV x2  
  82  8:25  Siege Tank  
  87  8:30  Liberator x3  
  96  8:35  SCV  
  97  9:16  Liberator  
  100  9:17  Liberator x2  
  100  9:18  Siege Tank  
  92  10:36  Planetary Fortress  
  92  10:52  Planetary Fortress  
  92  10:58  Barracks  
  92  11:04  Supply Depot  
  92  11:17  Battlecruiser  
  92  11:18  Battlecruiser  
  104  11:19  Terran Ship Weapons Level 2  
  104  11:21  Terran Vehicle And Ship Armor Level 2  
  105  12:01  SCV  
  105  12:12  Starport  
  105  12:13  SCV  
  105  12:15  Supply Depot x2  
  106  12:19  Command Center  
  106  12:20  Command Center  
  106  12:25  SCV  
  107  12:37  Battlecruiser  
  113  12:40  Command Center  
  107  13:02  Liberator x2  
  107  13:03  Liberator  
  110  13:16  Missile Turret  
  110  13:18  Missile Turret  
  110  13:24  SCV x2  
  109  13:36  SCV x2  
Tags
 
Matchup
TvZ
Replay Pack
Myownreplay2
Spawn Locations
Cross Positions
Add a new tag
Caveats
  • Supply blocks, unpowered buildings, or Contaminate may cause inaccurate times.
  • Supply counts are checked every 10 seconds.